 Dungeon Crawl Stone Soup version 0.30.2 (webtiles) character file.

Game seed: 14110183956632967900

284 porpoise the Poker (level 6, 0/47 HPs)
             Began as a Demonspawn Gladiator on Mar 30, 2024.
             Splashed by a jelly's acid (6 damage)
             ... on level 4 of the Dungeon.
             The game lasted 00:05:48 (2576 turns).

porpoise the Poker (Demonspawn Gladiator)           Turns: 2576, Time: 00:05:49

Health: 0/47       AC: -2    Str: 16    XL:     6   Next: 7%
Magic:  6/6        EV: 13    Int:  9    God:
Gold:   305        SH:  4    Dex: 15    Spells: 5/5 levels left

rFire   . . .        a - +0 trident
rCold   . . .        (no shield)
rNeg    . . .        v - +0 leather armour
rPois   .            c - +0 helmet
rElec   .            (no cloak)
rCorr   .            (no gloves)
SInv    .            (no boots)
Will    .....        (no amulet)
Stlth   +            (no ring)
HPRegen 0.27/turn    (no ring)
MPRegen 0.10/turn

%: no passive effects
@: corroded, sanguine armoured
A: foul stench 1, sanguine armour 1, condensation shield, weakness stinger 1
a: no special abilities


You were on level 4 of the Dungeon.
You visited 1 branch of the dungeon, and saw 4 of its levels.

You collected 305 gold pieces.

Inventory:

Hand Weapons
 a - a +0 trident (weapon)
 b - a +0 sling
Missiles
 d - 3 throwing nets (quivered)
 e - a javelin
 n - 7 poisoned darts
Armour
 c - a +0 helmet (worn)
 v - a +0 leather armour (worn)
Scrolls
 f - a scroll of enchant weapon {unknown}
 h - a scroll of noise {unknown}
 i - 3 scrolls of identify
 j - 2 scrolls of magic mapping
 m - a scroll of enchant armour {unknown}
 p - a scroll of immolation {unknown}
 s - a scroll of blinking
 t - a scroll of amnesia {unknown}
 u - a scroll of fog {unknown}
Potions
 g - a potion of flight
 k - a potion of magic
 l - 3 potions of curing
 o - a potion of brilliance {unknown}
 q - a potion of mutation {unknown}
 r - a potion of invisibility {unknown}
 w - a potion of might {unknown}


   Skills:
 + Level 3.6 Fighting
 + Level 3.9 Polearms
 + Level 3.2 Throwing
 + Level 3.8 Dodging


You had 5 spell levels left.
You didn't know any spells.
Your spell library contained the following spells:

 Spells                   Type           Power      Damage    Failure   Level
 Slow                     Hex            0%         N/A       45%         1
 Blink                    Tloc           0%         N/A       58%         2
 Lesser Beckoning         Tloc           0%         N/A       58%         2
 Momentum Strike          Conj/Tloc      0%         3d8       58%         2
 Confusing Touch          Hex            0%         N/A       83%         3
 Gell's Gravitas          Tloc           0%         N/A       83%         3
 Hailstorm                Conj/Ice       0%         3d3       83%         3
 Teleport Other           Tloc           0%         N/A       83%         3
 Vampiric Draining        Necr           0%         2d6       83%         3
 Ice Form                 Ice/Tmut       0%         N/A       99%         4
 Dispersal                Tloc           0%         N/A       100%        6
 Simulacrum               Ice/Necr       0%         N/A       100%        6


Dungeon Overview and Level Annotations

Branches:
Dungeon (4/15)
 Temple: D:4-7

Altars:
Makhleb
Nemelex Xobeh

Shops:
D:1 =


Innate Abilities, Weirdness & Mutations

You may rarely emit foul miasma when damaged in melee.
When seriously injured, your blood forms armour. (AC +6)
A meltable shield of frost defends you. (SH +4)
You have a small tail.


Message History

You open the door.
There is an open door here.
Found a stone staircase leading down.
There is a stone staircase leading down here.
A jelly comes into view.
Found 5 gold pieces.
The jelly quivers.
A gnoll comes into view. It is wielding a +0 club.
The gnoll shouts!
You hear a shout!
You reach to attack!
You barely miss the jelly. You puncture the jelly! The acid corrodes you!
Your hands burn!
The jelly is heavily wounded.
The jelly barely misses you.
You hit the jelly but do no damage.
Your hands burn!
The jelly is heavily wounded.
The jelly barely misses you.
The jelly jiggles.
The jelly barely misses you. The gnoll barely misses you.
You hit the jelly but do no damage.
Your hands burn!
The jelly is heavily wounded.
The gnoll hits you with a +0 club. The jelly closely misses you.
You hit the jelly.
Your hands burn!
The jelly is heavily wounded.
The gnoll hits you with a +0 club.
Your blood congeals into armour.
You block the jelly's attack.
You hit the jelly. The acid corrodes you!
Your hands burn!
The jelly is almost dead.
You block the jelly's attack. The gnoll hits you with a +0 club!
You are too injured to fight recklessly!
You are too injured to fight recklessly!
You are too injured to fight recklessly!
You hit the jelly but do no damage.
Your hands burn!
* * * LOW HITPOINT WARNING * * *
The jelly is almost dead.
The gnoll hits you with a +0 club.
* * * LOW HITPOINT WARNING * * *
The jelly hits you.
* * * LOW HITPOINT WARNING * * *
The acid corrodes you!
You are splashed with acid.
You die...

#...############ ###.###
#>..# ******
*********#.##### *,,,,*
*,,,,*,,,#.....# *,****
*,**,*,*,#.###.####***,**
*,**,*,*,#.........,,,,,***
*,**,,,,,#.###.####*******,
*,******,#@.......,,,,,,*,,
*,* #....gJ...#..#*****,*,*
*,* #####..###...#,,,,*,*,*
*,******#...,,,.##,**,,,*,*
*,,,,,,,$...,,**#*,**,,,,,*
*******###.##,*,,,,,,,,**,,
*,<*,,,,#.$,,**,**,**,**,,
*,**,**,###,,**,**,,,,,,,,
*,**,**,* **,,*,,,,*,***,*


You could see a jelly and a gnoll.

Vanquished Creatures
  Sigmund (D:3)
  3 adders (D:3)
  4 worms
  A dart slug (D:3)
  4 orcs (D:3)
  10 endoplasms
  A giant cockroach (D:1)
  6 goblins
  4 hobgoblins
  8 jackals
  3 kobolds
  3 quokkas
  8 ball pythons
  9 bats
  5 frilled lizards
  4 rats
74 creatures vanquished.

Notes
Turn   | Place    | Note
-------+----------+-------------------------------------------
     0 | D:1      | porpoise the Demonspawn Gladiator began the quest for the
                  | Orb.
     0 | D:1      | Reached XP level 1. HP: 16/16 MP: 1/1
   101 | D:1      | Found Hetunuzo's Jewellery Boutique.
   122 | D:1      | Gained mutation: You have a small tail. [demonic ancestry]
   122 | D:1      | Reached XP level 2. HP: 22/22 MP: 2/2
   545 | D:1      | Gained mutation: You may rarely emit foul miasma when
                  | damaged in melee. [demonic ancestry]
   545 | D:1      | Reached XP level 3. HP: 28/28 MP: 3/3
  1603 | D:3      | Gained mutation: When seriously injured, your blood forms
                  | armour. (AC +6) [demonic ancestry]
  1603 | D:3      | Reached XP level 4. HP: 31/34 MP: 4/4
  1650 | D:3      | Found a burning altar of Makhleb.
  1913 | D:3      | Found a faded altar of an unknown god.
  1950 | D:3      | Found a sparkling altar of Nemelex Xobeh.
  2096 | D:3      | Noticed Sigmund
  2114 | D:3      | Killed Sigmund
  2115 | D:3      | Gained mutation: A meltable shield of frost defends you.
                  | (SH +4) [demonic ancestry]
  2115 | D:3      | Reached XP level 5. HP: 14/41 MP: 0/5
  2115 | D:3      | Reached XP level 6. HP: 16/47 MP: 0/6
  2576 | D:4      | Splashed by a jelly's acid

Illustrated notes

Levels and vault maps discovered:
D:1:      roderic_crossed_star, layout_basic, serial_shops,
          nicolae_shop_temple_entry_statues_fountains,
          hangedman_decor_slide_cut, minmay_misc_feat_ornament
D:2:      layout_loops_corners
D:3:      wander_river, layout_rooms, overflow_temple_1_default,
          old_standard_altar, shapermc_ecumenical_altar_starsandcircs,
          nicolae_wormholes, uniq_sigmund
D:4:      layout_basic, nicolae_hepliaklqana_hippocampus

Skill      XL: |  1  2  3  4 |
---------------+-------------+-----
Throwing       | 2 3 |  3.2
Polearms       | 3 |  3.9
Dodging        | 3 |  3.8
Fighting       | 3 |  3.6

Action                     |  1- 3 |  4- 6 || total
---------------------------+-------+-------++-------
  Melee: Trident           |   173 |   106 ||   279
         Tailslap          |     8 |     9 ||    17
         Punch             |     1 |       ||     1
    Use: Scroll            |     3 |     2 ||     5
   Stab: Sleeping          |     3 |       ||     3
 Armour: Leather armour    |    49 |    30 ||    79
  Dodge: Dodged            |    96 |    67 ||   163
  Block: Other             |       |     3 ||     3
